 Dungeon Crawl Stone Soup version 0.30.1-4-g462c640d31 (webtiles) character file.

Game seed: 10754112661093748570

1012 rvierbuc the Chopper (level 8, -6/61 HPs)
             Began as a Demonspawn Gladiator on Aug 23, 2023.
             Was an Initiate of Okawaru.
             Shot with an arrow by an orc warrior (9 damage)
             ... on level 5 of the Dungeon on Aug 24, 2023.
             The game lasted 00:11:15 (3659 turns).

rvierbuc the Chopper (Demonspawn Gladiator)         Turns: 3659, Time: 00:11:15

Health: -6/61      AC: 12    Str: 18    XL:     8   Next: 1%
Magic:  8/8        EV:  9    Int:  9    God:    Okawaru [......]
Gold:   164        SH:  0    Dex: 18    Spells: 7/7 levels left

rFire   . . .        E - +11 hammer "Minot" {venom, Fly Dex+4}
rCold   . . .        (no shield)
rNeg    . . .        A - +0 chain mail
rPois   .            c - +0 helmet
rElec   .            i - +0 cloak
rCorr   .            (no gloves)
SInv    .            f - +0 pair of boots
Will    .....        (no amulet) Stlth
                     (no ring)
HPRegen 0.30/turn    (no ring)
MPRegen 0.11/turn

%: no passive effects
@: flying
A: (demonic guardian 1), weakness stinger 1, demonic touch 1
a: Renounce Religion


You were on level 5 of the Dungeon.
You worshipped Okawaru.
Okawaru was noncommittal.
You visited 2 branches of the dungeon, and saw 6 of its levels.

You collected 164 gold pieces.

Inventory:

Hand Weapons
 a - a +0 war axe
 g - a +0 war axe
 o - a +6 club
 C - a +2 dagger of freezing
 D - a +4 quarterstaff of chaos
 E - the +11 hammer "Minot" (weapon) {venom, Fly Dex+4}
   (You found it on level 4 of the Dungeon)

   Dex:       It affects your dexterity (+4).
   Fly:       It grants you flight.
Missiles
 d - 3 throwing nets (quivered)
 e - a javelin
 v - 11 poisoned darts
Armour
 c - a +0 helmet (worn)
 f - a +0 pair of boots (worn)
 i - a +0 cloak (worn)
 A - a +0 chain mail (worn)
Magical Staves
 t - a staff of cold
Jewellery
 z - a ring of fire
Wands
 y - a wand of iceblast (4)
Scrolls
 b - a scroll of fear {unknown}
 h - 6 scrolls of identify {unknown}
 j - 4 scrolls of teleportation {unknown}
 k - 2 scrolls of blinking {unknown}
 l - 2 scrolls of fog {unknown}
 p - 2 scrolls of magic mapping {unknown}
 q - 2 scrolls of enchant weapon {unknown}
 r - 3 scrolls of vulnerability {unknown}
 s - 2 scrolls of amnesia {unknown}
Potions
 m - a potion of curing
 n - 2 potions of brilliance {unknown}
 u - a potion of degeneration {unknown}
 w - a potion of berserk rage {unknown}
 x - a potion of mutation {unknown}
 B - a potion of flight {unknown}


   Skills:
 * Level 4.7 Fighting
 - Level 5.8(6.0) Axes
 * Level 1.8(4.1) Maces & Flails
 + Level 1.9 Throwing
 + Level 3.3 Armour
 + Level 3.6 Dodging
 + Level 1.8 Stealth


You had 7 spell levels left.
You didn't know any spells.
Your spell library contained the following spells:

 Spells                   Type           Power      Damage    Failure   Level
 Freeze                   Ice            0%         1d3       98%         1
 Sandblast                Erth           0%         2d4       98%         1
 Passwall                 Tmut/Erth      0%         N/A       99%         2
 Frozen Ramparts          Ice            0%         1d1       100%        3
 Hailstorm                Conj/Ice       0%         3d3       100%        3
 Portal Projectile        Hex/Tloc       0%         N/A       100%        3
 Stone Arrow              Conj/Erth      0%         3d7       100%        3
 Ice Form                 Ice/Tmut       0%         N/A       100%        4
 Blade Hands              Tmut           0%         N/A       100%        5
 Tukima's Dance           Hex            Unusable   N/A       N/A         3
 Simulacrum               Ice/Necr       Unusable   N/A       N/A         6

Dungeon Overview and Level Annotations

Branches:
Dungeon (5/15)             Temple (1/1) D:4

Altars:
Ashenzari
Cheibriados
Fedhas
Gozag
Hepliaklqana
Kikubaaqudgha
Makhleb
Nemelex Xobeh
Okawaru
Qazlal
Ru
Sif Muna
Trog
Uskayaw
Vehumet
Wu Jian
Xom
Yredelemnul


Innate Abilities, Weirdness & Mutations

((A weak demonic guardian rushes to your aid.))
You have a small tail.
Your touch may inflict minor irresistible damage on your foes.


Message History

The orc priest hits you but does no damage.
The orc priest calls down the wrath of Beogh upon you.
Beogh smites you!
* * * LOW HITPOINT WARNING * * *
You hit the orc priest.
The orc priest is heavily wounded.
The orc priest closely misses you.
Unknown command.
You hit the orc priest.
The orc priest looks as sick as possible!
You touch the orc priest.
You kill the orc priest!
Okawaru accepts your kill.
The orc warrior shoots an arrow.
The arrow hits you but does no damage.
You have reached level 8!
You feel stronger.
The orc warrior unwields a +0 longbow.
The orc warrior wields a +0 hand axe.
The orc warrior closely misses you.
Things that are here:
a +0 club; a +0 leather armour; an orc corpse You hit the orc warrior.
The orc warrior is poisoned.
The orc warrior is lightly wounded.
The orc warrior hits you with a +0 hand axe!
* * * LOW HITPOINT WARNING * * *
You feel better.
The orc warrior hits you but does no damage.
You barely miss the orc warrior.
You tail-slap the orc warrior, but do no damage.
Your touch misses the orc warrior.
The orc warrior is moderately wounded.
The orc warrior barely misses you.
You closely miss the orc warrior. Your touch misses the orc warrior.
The orc warrior is moderately wounded.
The orc warrior hits you with a +0 hand axe.
* * * LOW HITPOINT WARNING * * *
The orc warrior unwields a +0 hand axe.
The orc warrior wields a +0 longbow.
The orc warrior shoots an arrow.
The arrow hits you!
* * * LOW HITPOINT WARNING * * *
The orc warrior shoots an arrow.
The arrow hits you!
You die...

##.## ...# #..# ##$.#
{o....# #...# .o. ..#
#.#o# .. ..#.##.#.# ..
o.#......# # #.
#o####@### ###.##. #o#
#)# #......##.# #)#
......oo..####)#######
..#..####o.o.........#
#........###.#####.#
.........# #.#####.###
#..#.##.## #.##......
.. #. #.# #.##.##.#


You could see an orc warrior (very poisoned).

Vanquished Creatures
  Grinder (D:3)
  An ice beast (D:5)
  A black bear (D:4)
  A phantom (D:4)
  A scorpion (D:5)
  2 hounds
  2 orc priests (D:5)
  Crazy Yiuf (D:4)
  Jessica (D:2)
  3 orc wizards
  An iguana (D:3)
  A gnoll (D:1)
  4 adders
  2 worms
  4 dart slugs
  14 orcs
  4 endoplasms
  2 giant cockroaches
  9 goblins
  8 hobgoblins
  3 jackals (D:1)
  6 kobolds
  4 quokkas
  11 ball pythons
  3 bats
  3 frilled lizards
  6 rats
99 creatures vanquished.

Vanquished Creatures (collateral kills)
  A scorpion (D:4)
1 creature vanquished.

Grand Total: 100 creatures vanquished

Notes
Turn   | Place    | Note
-------+----------+-------------------------------------------
     0 | D:1      | rvierbuc the Demonspawn Gladiator began the quest for the
                  | Orb.
     0 | D:1      | Reached XP level 1. HP: 16/16 MP: 1/1
   180 | D:1      | Discovered your monstrous ancestry.
   180 | D:1      | Gained mutation: Your touch may inflict minor irresistible
                  | damage on your foes. [demonic ancestry]
   180 | D:1      | Reached XP level 2. HP: 22/22 MP: 2/2
   183 | D:1      | Reached skill level 3 in Axes
   525 | D:1      | Gained mutation: A weak demonic guardian rushes to your
                  | aid. [demonic ancestry]
   525 | D:1      | Reached XP level 3. HP: 19/27 MP: 3/3
  1144 | D:2      | Noticed Jessica
  1155 | D:2      | Killed Jessica
  1156 | D:2      | Reached XP level 4. HP: 33/34 MP: 4/4
  1199 | D:2      | Reached skill level 1 in Armour
  1212 | D:2      | Reached skill level 1 in Stealth
  1402 | D:2      | Found a faded altar of an unknown god.
  1542 | D:2      | Found an ancient bone altar of Kikubaaqudgha.
  1635 | D:2      | Reached skill level 4 in Axes
  1895 | D:3      | Reached XP level 5. HP: 26/39 MP: 5/5
  2015 | D:3      | Found an opulent altar of Gozag.
  2280 | D:3      | Noticed Grinder
  2287 | D:3      | Paralysed by Grinder for 4 turns
  2291 | D:3      | Killed Grinder
  2292 | D:3      | Reached skill level 5 in Axes
  2292 | D:3      | Gained mutation: You have a small tail. [demonic ancestry]
  2292 | D:3      | Reached XP level 6. HP: 46/47 MP: 6/6
  2561 | D:4      | Reached XP level 7. HP: 49/52 MP: 7/7
  2605 | D:4      | Found a hide-covered altar of Uskayaw.
  2671 | D:4      | Found a staircase to the Ecumenical Temple.
  2694 | Temple   | Entered the Ecumenical Temple
  2921 | Temple   | Became a worshipper of Warmaster Okawaru
  3256 | D:4      | Found a runed translucent door.
  3257 | D:4      | Noticed Crazy Yiuf
  3406 | D:4      | Killed Crazy Yiuf
  3411 | D:4      | Identified the +11 hammer "Minot" {venom, Fly Dex+4}
  3482 | D:5      | Entered Level 5 of the Dungeon
  3554 | D:5      | Reached skill level 1 in Maces & Flails
  3652 | D:5      | Reached XP level 8. HP: 10/61 MP: 8/8
  3653 | D:5      | HP: 3/61 [orc warrior/+0 hand axe (8)]
  3659 | D:5      | Shot with an arrow by an orc warrior

Illustrated notes

Levels and vault maps discovered:
D:1:      psy_arrival_basics, layout_basic, hangedman_decor_lopped
D:2:      layout_rooms, basic_altar, shapermc_ecumenical_altar_petra,
          hangedman_decor_clover_reticule, dk_vineyard_1,
          kennysheep_generic_room_8, uniq_jessica
D:3:      layout_basic, nicolae_gozag_seed_capital, uniq_grinder
D:4:      layout_basic, mainiacjoe_overflow_brackets, lemuel_doored_altar,
          temple_fountains, serial_corexii_hall, chequers_hall_statues_corner_a,
          chequers_hall_statues_wall_a, uniq_crazy_yiuf_cottage
D:5:      minmay_diamond_boxcup, layout_loops_cross, serial_shops,
          nicolae_shop_industrial_runoff, shop, shop
Temple:   eino_narrow_crystal_temple

Skill      XL: |  1  2  3  4  5  6  7 |
---------------+----------------------+-----
Axes           | 3 4 5 |  5.8
Dodging        | 3 |  3.6
Armour         | 1 2 3 |  3.3
Stealth        | 1 |  1.8
Fighting       | 3 4 |  4.7
Maces & Flails | 1 |  1.8
Throwing       | |  1.9

Action                     |  1- 3 |  4- 6 |  7- 9 || total
---------------------------+-------+-------+-------++-------
  Melee: War axe           |    79 |    86 |    23 ||   188
         Touch             |    11 |    20 |     8 ||    39
         Punch             |       |     1 |       ||     1
         Tailslap          |       |     3 |     9 ||    12
         Mace              |       |       |    39 ||    39
  Throw: Throwing net      |       |       |     1 ||     1
    Use: Potion            |       |       |     3 ||     3
   Stab: Sleeping          |     1 |       |       ||     1
         Distracted        |       |     1 |       ||     1
 Armour: Leather armour    |    28 |    12 |       ||    40
         Ring mail         |       |    15 |       ||    15
         Chain mail        |       |    16 |    44 ||    60
  Dodge: Dodged            |    61 |    54 |    37 ||   152
